 Dungeon Sprint DCSS version 0.27-a0-1036-g8e1b44f6bd (webtiles) character file.

Game seed: 15616925706970920756

7784 mhtbhm the Scorcher (level 11, 0/54 HPs)
             Began as a Deep Elf Fire Elementalist on Apr 18, 2021.
             Was the Champion of Vehumet.
             Slain by an Executioner (13 damage)
             ... summoned by Haiby
             ... in the Dungeon (Sprint V: "Ziggurat Sprint") on Apr 19, 2021.
             The game lasted 00:05:19 (901 turns).

mhtbhm the Scorcher (Deep Elf Fire Elementalist)     Turns: 901, Time: 00:05:20

Health: 0/54       AC:  8    Str:  3      XL:     11   Next: 1%
Magic:  17/33      EV: 17    Int: 39      God:    Vehumet [******]
Gold:   0          SH:  0    Dex: 14 (15) Spells: 10/43 levels left

rFire    + + .     SeeInvis .   C - +8 lance "Wyrmbane" {slay drac, rPois rF+ rC+ AC+3}
rCold    + . .     Faith    .   (no shield)
rNeg     . . .     Spirit   .   a - +1 robe of Amorality {rF+ Regen+}
rPois    +         Reflect  .   w - +1 helmet {Int+3}
rElec    .         Harm     .   (no cloak)
rCorr    .         Rampage  .   (no gloves)
Will     +....     NoTele   +   (no boots)
Stlth    +++.......             (no amulet)
HPRegen  1.18/turn              x - +6 ring of intelligence
MPRegen  0.23/turn              y - +6 ring of intelligence

@: no status effects
A: deterioration 1, weak 1
a: Renounce Religion


You were in the Dungeon.
You worshipped Vehumet.
Vehumet was exalted by your worship.
You visited 1 branch

Inventory:

Hand Weapons
 C - the +8 lance "Wyrmbane" (weapon) {slay drac, rPois rF+ rC+ AC+3}
   (You found it in the Dungeon)

   It affects your AC (+3).
   It protects you from fire.
   It protects you from cold.
   It protects you from poison.
Armour
 a - the +1 robe of Amorality (worn) {rF+ Regen+}
   (You found it in the Dungeon)

   It protects you from fire.
   It increases your rate of health regeneration.
 w - a +1 helmet of intelligence (worn)
Jewellery
 x - a +6 ring of intelligence (left hand)
 y - a +6 ring of intelligence (right hand)
 D - a ring of positive energy
 E - the ring "Dyziedda" {Drain rC+ EV+4 Str+5}
   (You found it in the Dungeon)

   [ring of evasion]

   It affects your evasion (+4).
   It affects your strength (+5).
   It protects you from cold.
   It drains your maximum health when unequipped.
Wands
 r - a wand of mindburst (6)
 s - a wand of iceblast (3)
 t - a wand of acid (3)
Scrolls
 h - 3 scrolls of blinking
 m - 4 scrolls of amnesia
 n - 7 scrolls of fog
 o - a scroll of holy word
 p - 5 scrolls of identify
 q - 2 scrolls of fear
Potions
 b - 2 potions of brilliance
 c - 10 potions of curing
 d - 9 potions of heal wounds
 e - 6 potions of haste
 f - 7 potions of magic
 g - 3 potions of berserk rage
 i - 2 potions of invisibility
 j - 4 potions of resistance
 k - a potion of experience
 l - 5 potions of might
Miscellaneous
 u - a piece from Xom's chessboard (15/15)
 v - a piece from Xom's chessboard (15/15)
 z - a phantom mirror
 A - a tin of tremorstones (2/2)
 B - a lightning rod (4/4)
 F - a box of beasts


   Skills:
 + Level 10.4 Dodging
 - Level 6.8 Stealth
 + Level 16.8 Spellcasting
 + Level 9.8 Conjurations
 + Level 18.7 Fire Magic
 + Level 6.4 Evocations


You had 10 spell levels left.
You knew the following spells:

 Your Spells              Type           Power      Damage    Failure   Level
a - Foxfire               Conj/Fire      100%       2x1d9     0%          1
b - Conjure Flame         Conj/Fire      97%        6-21      0%          3
c - Inner Flame           Hex/Fire       82%        N/A       1%          3
d - Sticky Flame          Conj/Fire      97%        2d11      1%          4
e - Fireball              Conj/Fire      48%        3d19      1%          5
f - Fire Storm            Conj/Fire      48%        8d12      54%         9
g - Ignition              Fire           54%        3d15      1%          8

Your spell library contained the following spells:

 Spells                   Type           Power      Damage    Failure   Level
 Mephitic Cloud           Conj/Pois/Air  55%        N/A       1%          3
 Magic Dart               Conj           100%       1d8       0%          1
 Beastly Appendage        Tmut           64%        N/A       1%          1
 Blink                    Tloc           N/A        N/A       1%          2
 Call Imp                 Summ           32%        N/A       1%          2
 Slow                     Hex            32%        N/A       1%          2
 Static Discharge         Conj/Air       63%        N/A       1%          2
 Wereblood                Tmut           32%        N/A       1%          2
 Irradiate                Conj/Tmut      31%        3d24      1%          5
 Lightning Bolt           Conj/Air       31%        1d48      1%          5
 Spider Form              Tmut/Pois      16%        N/A       2%          3
 Ice Form                 Ice/Tmut       32%        N/A       10%         4
 Hydra Form               Tmut           16%        N/A       26%         5
 Blade Hands              Tmut           16%        N/A       82%         6
 Statue Form              Tmut/Erth      21%        N/A       82%         6
 Chain Lightning          Conj/Air       31%        N/A       87%         8
 Lehudib's Crystal Spear  Conj/Erth      31%        10d8      87%         8
 Dragon Form              Tmut           16%        N/A       100%        7
 Borgnjor's Revivificati  Necr           16%        N/A       100%        8
 Infestation              Necr           16%        N/A       100%        8
 Necromutation            Tmut/Necr      16%        N/A       100%        8
 Absolute Zero            Ice            16%        ∞         100%        9
 Death's Door             Necr           16%        N/A       100%        9
 Shatter                  Erth           16%        3d15*     100%        9
 Tornado                  Air            16%        N/A       100%        9


Dungeon Overview and Level Annotations

Branches:
Dungeon (1/1)

Altars:
Ashenzari
Cheibriados
Dithmenos
Elyvilon
Fedhas
Gozag
Hepliaklqana
Kikubaaqudgha
Makhleb
Nemelex Xobeh
Okawaru
Qazlal
Ru
Sif Muna
Trog
Uskayaw
Vehumet
Wu Jian
Xom
Yredelemnul
Zin
The Shining One
Beogh
Jiyva
Lugonu


Innate Abilities, Weirdness & Mutations

Your body sometimes deteriorates upon taking damage.
You are weak. (Str -2)


Message History

The Executioner resists.
The Executioner is moderately wounded.
The fireball engulfs Zenicar!
Zenicar resists.
Zenicar is moderately wounded.
The fireball engulfs Haiby!
Haiby resists.
Haiby is moderately wounded.
The fireball engulfs Haiby!
Haiby resists.
Haiby is moderately wounded.
The fireball engulfs Zenicar.
Zenicar resists.
Zenicar is moderately wounded.
Haiby sneers, "Thy sanity shall be my snack!"
Unknown command.
Aiming: Corrosive Bolt
Press: ? - help, Shift-Dir - straight line, f - Executioner
Aim: an Executioner (moderately wounded, summoned, fast, 57% to hit)
The bolt of acid hits the Executioner!
The Executioner is splashed with acid.
The acid corrodes the Executioner!
The Executioner is heavily wounded.
The bolt of acid hits Haiby.
Haiby is splashed with acid.
Haiby is moderately wounded.
The bolt of acid hits Zenicar!
Zenicar is splashed with acid.
The acid corrodes Zenicar!
Zenicar is moderately wounded.
The Executioner hits you! The Executioner closely misses you. x2
Unknown command.
Unknown command.
Unknown command.
Okay, then.
Aiming: Corrosive Bolt
Press: ? - help, Shift-Dir - straight line, f/p - Executioner
Aim: an Executioner (heavily wounded, summoned, fast, covered in acid, 57% to hit)
The bolt of acid misses the Executioner.
The bolt of acid misses Haiby.
The Executioner hits you!!
* * * LOW HITPOINT WARNING * * *
Your body deteriorates!
You feel clumsy. The Executioner hits you.
* * * LOW HITPOINT WARNING * * *
The Executioner hits you but does no damage.
The Executioner hits you!
You die...

▓..8©8..▓
▓..|)):|..▓..}[|..▓
▓...=|}...▓..})...▓
▓.........▓..).)..▓
▓...&.....▓.......▓
▓....&....▓....)..▓
▓.........▓.......▓
▓.▓..1..▓.▓.▓...▓.▓
▓....@....▓...©...▓
▓▓▓▓▓▓▓▓▓▓▓▓▓▓▓▓▓▓▓


You could see Haiby, Zenicar (corroded) and an Executioner (summoned, fast,
corroded).

Vanquished Creatures
  A vault warden (D)
  A yaktaur captain (D)
  An ironbound thunderhulk (D)
  A vault guard (D)
  A deep elf knight (D)
  2 deep elf pyromancers (D)
  3 deep elf zephyrmancers (D)
  A jumping spider (D)
  A slime creature (D)
  A tarantella (D)
  2 yaks (D)
  2 basilisks (D)
  A chaos spawn (D)
  A naga (D)
  2 water moccasins (D)
  A bullfrog (D)
  3 scorpions (D)
  A crimson imp (D)
  An iron imp (D)
  An iguana (D)
  4 adders (D)
  2 river rats (D)
  2 shadow imps (D)
  3 ufetubi (D)
  2 ball pythons (D)
  A jackal (D)
42 creatures vanquished.

Vanquished Creatures (others)
  10 foxfires (D)
10 creatures vanquished.

Grand Total: 52 creatures vanquished

Notes
Turn   | Place    | Note
-------+----------+-------------------------------------------
     0 | D        | mhtbhm the Deep Elf Fire Elementalist began the quest for
                  | the Orb.
     0 | D        | Reached XP level 1. HP: 10/10 MP: 6/6
     0 | D        | Found a shimmering blue altar of Sif Muna.
     0 | D        | Found a bloodstained altar of Trog.
     0 | D        | Found a sacrificial altar of Ru.
     0 | D        | Found a stormy altar of Qazlal.
     0 | D        | Found an iron altar of Okawaru.
     1 | D        | Found a sparkling altar of Nemelex Xobeh.
     1 | D        | Found a blossoming altar of Fedhas.
     2 | D        | Found the +6 Majin-Bo {vamp, MP+6 Int+6}
     2 | D        | Found the +9 heavy crossbow "Sniper" {vorpal, Acc+∞ SInv}
     2 | D        | Found the +10 dark maul {vorpal}
     2 | D        | Found the +15 Maxwell's patent armour {-Cast -Tele rElec
                  | Will+ rCorr}
     2 | D        | Found the +18 shield of the Gong {rElec rN+ Will+ EV-5}
     2 | D        | Found the +14 obsidian axe {vorpal, Drain Fly SInv}
     2 | D        | Found the +7 great mace "Firestarter" {inner flame, rF++}
     2 | D        | Found the +6 shillelagh "Devastator" {shatter}
     2 | D        | Found the +11 plutonium sword {Contam Stlth-}
     2 | D        | Found the +8 lance "Wyrmbane" {slay drac, rPois rF+ rC+
                  | AC+3}
     2 | D        | Found the +9 sword of Zonguldrok {reap}
     2 | D        | Found the +13 scythe of Curses {drain, Drain}
     2 | D        | Found the +5 sword of Power {vorpal}
     2 | D        | Found the +7 mace of Variability {chain chaos}
     2 | D        | Found the +7 Singing Sword {vorpal, sonic wave}
     2 | D        | Found the +8 storm bow {elec, penet}
     3 | D        | Found a transporter.
     3 | D        | Found an ancient bone altar of Kikubaaqudgha.
     3 | D        | Found a viscous altar of Jiyva.
     3 | D        | Found a corrupted altar of Lugonu.
     3 | D        | Found a hazy altar of Hepliaklqana.
     3 | D        | Found a burning altar of Makhleb.
     3 | D        | Found an opulent altar of Gozag.
    48 | D        | Became a worshipper of Vehumet
    62 | D        | Entered arena 2.
    62 | D        | Noticed a crimson imp
    62 | D        | Noticed an iron imp
    62 | D        | Found a transporter.
    63 | D        | Killed a crimson imp
    64 | D        | Reached skill level 6 in Fire Magic
    64 | D        | Reached XP level 2. HP: 15/15 MP: 6/9
    64 | D        | Reached XP level 3. HP: 19/19 MP: 7/11
    64 | D        | Reached * piety under Vehumet
    64 | D        | Offered knowledge of Shock by Vehumet.
    65 | D        | Reached skill level 5 in Spellcasting
    65 | D        | Reached skill level 7 in Fire Magic
   102 | D        | Learned a level 3 spell: Conjure Flame
   106 | D        | Learned a level 3 spell: Inner Flame
   107 | D        | Entered arena 3.
   107 | D        | Found a transporter.
   109 | D        | Reached XP level 4. HP: 24/24 MP: 13/13
   111 | D        | Reached ** piety under Vehumet
   129 | D        | Learned a level 4 spell: Sticky Flame
   131 | D        | Entered arena 4.
   131 | D        | Noticed a water moccasin
   131 | D        | Found a transporter.
   133 | D        | Reached skill level 8 in Fire Magic
   138 | D        | Killed a water moccasin
   139 | D        | Reached skill level 5 in Dodging
   139 | D        | Reached skill level 5 in Stealth
   139 | D        | Reached skill level 10 in Fire Magic
   139 | D        | Reached skill level 1 in Evocations
   139 | D        | Reached XP level 5. HP: 27/28 MP: 11/16
   145 | D        | Learned a level 5 spell: Fireball
   169 | D        | Entered arena 5.
   169 | D        | Noticed a naga
   169 | D        | Found a transporter.
   170 | D        | Reached *** piety under Vehumet
   171 | D        | Killed a naga
   172 | D        | Reached skill level 11 in Fire Magic
   172 | D        | Reached XP level 6. HP: 32/32 MP: 8/19
   246 | D        | Entered arena 6.
   246 | D        | Noticed a jumping spider
   246 | D        | Noticed a tarantella
   246 | D        | Found a transporter.
   247 | D        | Reached **** piety under Vehumet
   247 | D        | Offered knowledge of Freeze by Vehumet.
   248 | D        | Killed a tarantella
   249 | D        | Reached skill level 12 in Fire Magic
   249 | D        | Reached XP level 7. HP: 36/36 MP: 17/22
   250 | D        | Reached skill level 10 in Spellcasting
   250 | D        | Killed a jumping spider
   250 | D        | Reached ***** piety under Vehumet
   251 | D        | Reached skill level 13 in Fire Magic
   328 | D        | Entered arena 7.
   328 | D        | Noticed a yaktaur captain
   328 | D        | Noticed a vault guard
   328 | D        | Noticed a vault warden
   328 | D        | Noticed a slime creature
   328 | D        | Noticed an ironbound thunderhulk
   333 | D        | Killed a yaktaur captain
   333 | D        | Killed a slime creature
   334 | D        | Reached skill level 5 in Conjurations
   334 | D        | Reached skill level 14 in Fire Magic
   334 | D        | Reached XP level 8. HP: 41/41 MP: 6/26
   334 | D        | Found a transporter.
   336 | D        | Killed a vault guard
   337 | D        | Reached skill level 15 in Fire Magic
   337 | D        | Reached XP level 9. HP: 42/45 MP: 5/28
   337 | D        | Killed an ironbound thunderhulk
   338 | D        | Reached skill level 16 in Fire Magic
   339 | D        | Killed a vault warden
   340 | D        | Reached skill level 17 in Fire Magic
   340 | D        | Reached skill level 5 in Evocations
   340 | D        | Reached XP level 10. HP: 47/50 MP: 11/30
   363 | D        | Learned a level 9 spell: Fire Storm
   429 | D        | Entered arena 8.
   429 | D        | Noticed a deep elf zephyrmancer
   429 | D        | Noticed a deep elf zephyrmancer
   429 | D        | Noticed a deep elf knight
   429 | D        | Noticed a deep elf pyromancer
   429 | D        | Noticed a deep elf zephyrmancer
   429 | D        | Noticed a deep elf pyromancer
   431 | D        | Gained mutation: You are weak. (Str -2) [mutagenic glow]
   432 | D        | Killed a deep elf knight
   432 | D        | Offered knowledge of Stone Arrow by Vehumet.
   432 | D        | Killed a deep elf zephyrmancer
   432 | D        | Killed a deep elf zephyrmancer
   432 | D        | Reached ****** piety under Vehumet
   432 | D        | Killed a deep elf pyromancer
   433 | D        | Reached skill level 10 in Dodging
   433 | D        | Reached skill level 15 in Spellcasting
   433 | D        | Reached skill level 18 in Fire Magic
   433 | D        | Killed a deep elf pyromancer
   433 | D        | Killed a deep elf zephyrmancer
   440 | D        | Gained mutation: Your body sometimes deteriorates upon
                  | taking damage. [mutagenic glow]
   688 | D        | Learned a level 8 spell: Ignition
   823 | D        | Found a transporter.
   841 | D        | Got the +1 robe of Amorality {rF+ Regen+}
   864 | D        | Entered arena 9.
   865 | D        | Offered knowledge of Mephitic Cloud by Vehumet.
   866 | D        | Found a transporter.
   874 | D        | Got the ring "Dyziedda" {Drain rC+ EV+4 Str+5}
   896 | D        | Entered arena 10.
   896 | D        | Noticed Zenicar the pandemonium lord
   896 | D        | Noticed Haiby the pandemonium lord
   898 | D        | Reached XP level 11. HP: 54/54 MP: 33/33
   898 | D        | Noticed an Executioner
   901 | D        | Slain by an Executioner

Illustrated notes

Levels and vault maps discovered:
D:        sprint_v [room_start, room_1, room_2, room_3, room_4, room_5, room_6,
          room_7, room_8, room_9, room_10, room_11, room_12, room_13, room_14,
          room_15, room_16, room_17, room_18, room_19, room_20, room_21,
          room_22, room_23, room_24, room_25, room_26, room_27]

Skill      XL: |  1  2  3  4  5  6  7  8  9 10 |
---------------+-------------------------------+-----
Dodging        | 3 4 5 6 7 8 9 10 | 10.4
Stealth        | 3 5 6 |  6.8
Spellcasting   | 4 5 7 8 9 12 13 14 16 | 16.8
Fire Magic     | 6 7 10 11 12 14 15 17 18 | 18.7
Conjurations   | 2 3 5 6 7 9 |  9.8
Evocations     | 1 2 3 4 5 6 |  6.4

Action                   |  1- 3 |  4- 6 |  7- 9 | 10-12 || total
-------------------------+-------+-------+-------+-------++-------
 Cast: Foxfire           |       |     5 |       |       ||     5
       Fireball          |       |     4 |     7 |     3 ||    14
       Ignition          |       |       |       |     5 ||     5
Evoke: Wand              |     3 |     1 |     3 |     2 ||     9
  Use: Scroll            |       |       |     1 |       ||     1
       Potion            |       |       |     1 |       ||     1
Armor: Robe              |       |     1 |       |     1 ||     2
Dodge: Dodged            |       |     3 |     2 |     3 ||     8

Table legend: (Time is in decaauts)
 A = Elapsed time spent in this place.
 B = Non-inter-level travel time spent in this place.
 C = Inter-level travel time spent in this place.
 D = Time resting spent in this place.
 E = Time spent auto-exploring this place.
 F = Levels seen in this place.
 G = Mean time per level.
                   A        B        C        D        E       F      G
               +--------+--------+--------+--------+--------+-----+--------+
         Total |    899 |    899 |      0 |    607 |      0 |   1 |  899.0 |
       Dungeon |    899 |    899 |      0 |    607 |      0 |   1 |  899.0 |
               +--------+--------+--------+--------+--------+-----+--------+

Top non-repeatable levels by time:
       D: 899 daAuts
